AoeStats
← Abetterhandle

African Clearing

506808603Analyzed
3v3 RM · 18d ago on Sep 15, 2026· 54m 11s· 6 players
Game mode
Random Map
Map size
Normal (6 player)
Population
200
Speed
Normal
Resources
Standard
Victory
Conquest
Starting age
Dark Age
Ending age
Imperial Age
RankedLock teamsTeams togetherTeam positionsShared explorationLock speedFull tech treeHidden civsTurbo modeCheats
Victory
Defeat
🇳🇱 Tatars · Netherlands
909
+18
🇪🇸 Malians · Spain
907
+18
🇨🇳 Franks · China
882
+19
🇮🇳 Armenians · India
1017
-21
🇳🇿 Malians · New Zealand
1012
-22
🇺🇦 Mongols · Ukraine
801
-12
Dani_Jiren
3:53 Loom
14:20 Feudal Age
15:42 Wheelbarrow
14:56 Double-Bit Axe
15:08 Gold Mining
18:23 Scale Mail Armor
18:05 Man-at-Arms
20:21 Forging
27:14 Castle Age
27:20 Long Swordsman
28:25 Hand Cart
29:06 Chain Mail Armor
29:10 Bow Saw
28:32 Elite Skirmisher
33:37 Fletching
35:35 Padded Archer Armor
35:52 Horse Collar
37:47 Stone Mining
38:42 Squires
39:21 Arson
40:56 Iron Casting
45:10 Imperial Age
45:14 Two-Handed Swordsman
46:42 Conscription
46:05 Champion
48:05 Plate Mail Armor
52:32 Pikeman
sfdejonge
3:57 Loom
15:20 Feudal Age
23:40 Scale Barding Armor
23:51 Forging
25:16 Bloodlines
31:07 Castle Age
29:40 Double-Bit Axe
30:08 Fletching
31:56 Wheelbarrow
31:15 Gold Mining
31:35 Horse Collar
31:48 Town Watch
33:33 Bodkin Arrow
33:39 Padded Archer Armor
35:21 Hand Cart
40:25 Bow Saw
43:12 Stone Mining
43:24 Heavy Plow
46:35 Imperial Age
44:19 Husbandry
44:54 Ballistics
47:24 Heavy Cavalry Archer
48:43 Leather Archer Armor
49:10 Bracer
50:35 Ring Archer Armor
51:09 Heavy Camel Rider
52:24 Silk Armor
53:23 Chain Barding Armor
52:39 Light Cavalry
aaa916_
5:30 Loom
13:45 Feudal Age
19:47 Castle Age
18:06 Double-Bit Axe
24:35 Husbandry
28:04 Gold Mining
32:12 Scale Barding Armor
34:18 Forging
34:29 Chain Barding Armor
35:08 Wheelbarrow
35:17 Town Watch
35:34 Stone Mining
37:48 Hand Cart
39:28 Gold Shaft Mining
40:21 Bow Saw
44:31 Imperial Age
44:43 Cavalier
46:27 Chain Barding Armor
46:18 Forging
46:08 Cavalier
47:45 Plate Barding Armor
49:06 Iron Casting
48:55 Paladin
50:25 Chivalry
54:57 Blast Furnace
nini1294
4:36 Loom
13:57 Feudal Age
15:52 Double-Bit Axe
17:15 Man-at-Arms
19:30 Pikeman
21:16 Long Swordsman
22:15 Scale Mail Armor
31:05 Wheelbarrow
33:42 Horse Collar
38:07 Castle Age
39:25 Bow Saw
39:58 Two-Handed Swordsman
50:57 Squires
50:43 Arson
50:52 Gambesons
52:58 Town Watch
Abetterhandle
4:32 Loom
13:45 Feudal Age
15:53 Gold Mining
19:30 Castle Age
17:43 Stone Mining
19:30 Forging
25:00 Squires
34:17 Imperial Age
32:56 Iron Casting
35:08 Husbandry
35:22 Bloodlines
40:03 Double-Bit Axe
46:05 Bow Saw
48:22 Padded Archer Armor
48:13 Fletching
48:50 Elite Skirmisher
Dmytr_StrateG
12:15 Loom
15:27 Feudal Age
17:54 Bloodlines
20:23 Forging
24:10 Castle Age
43:05 Nomads
43:55 Husbandry
44:05 Scale Barding Armor
43:52 Fletching
47:12 Fletching
Connection lost

Rejoining the realm…

Still unreachable

The connection could not be restored.

Session expired

The server has moved on; the page needs a fresh start.